[Event "*** Titled Tuesday Blitz"]
[Site "Chess.com"]
[Date "2020.10.27"]
[Round "5"]
[White "poppy73"]
[Black "LastHeroJr"]
[Result "0-1"]
[WhiteElo "2219"]
[BlackElo "2390"]
[TimeControl "180+1"]
[EndTime "10:56:18 PDT"]
[Termination "LastHeroJr won on time"]

1. e4 Nc6 2. Nf3 d6 3. d4 Nf6 4.
Nc3 g6 5. d5 Nb8 6. Be3 Bg7 7.
Bd3 O-O 8. O-O c6 9. dxc6 bxc6 10. Re1 Nbd7 11. Ne2 e5 12. c4 Ng4 13. Bg5 Qb6 14. Bh4 Qxb2 15. h3 Ngf6 16. Rb1 Qxa2 17. Ra1 Qb2 18.
Rb1 Qa3 19. Rb3 Qa5 20. Qc1 Nc5 21. Ra3 Qc7 22. Qe3 Nfd7 23. Rea1 Re8 24. Nc3 Nf8 25. Na4 Nxa4 26. Rxa4 a6 27. c5 d5 28. Bxa6 d4 29. Qd3 Ne6 30. Qc4 Bf8 31. Bxc8 Rxa4 32. Rxa4 Rxc8 33.
Bf6 Nxc5 34. Bxe5 Qd7 35. Ra5 Nxe4 36. Bxd4 c5 37. Be3 Qd1+ 38. Kh2 Bd6+ 39. g3 Qxf3 0-1

[Event "*** Titled Tuesday Blitz"]
[Site "Chess.com"]
[Date "2020.10.27"]
[Round "5"]
[White "maciek_92"]
[Black "amintabatabaei"]
[Result "1-0"]
[WhiteElo "2711"]
[BlackElo "2881"]
[TimeControl "180+1"]
[EndTime "10:56:19 PDT"]
[Termination "maciek_92 won by resignation"]

1. e4 b6 2. d4 Bb7 3. Nc3 e6 4. a3 Nf6 5. Bd3 d5 6. e5 Nfd7 7.
Nce2 c5 8. c3 Ba6 9. Nf3 Bxd3 10. Qxd3 Qc8 11. O-O a5 12. Be3 Qa6 13. Qd2 a4 14.
Rac1 Nc6 15. c4 cxd4 16. Nexd4 Nxd4 17. Qxd4 dxc4 18. Rfd1 Rd8 19. Bg5 Bc5 20. Qd2 O-O 21. Bxd8 Rxd8 22. Qg5 Qc8 23. Rxc4 Re8 24. Qd2 Nf8 25.
Rxa4 Ng6 26. Qd7 Qb8 27. Ra7 Rf8 28. b4 Be7 29. Qc7 Qe8 30. Rd7 h6 31. Rxe7 Nxe7 32. Qxe7 Qc6 33. Qc7 Qe4 34. h3 b5 35. Rb7 Qd3 36.
Rb8 Rxb8 37. Qxb8+ Kh7 38. Qa7 g5 39. Qe3 Qb1+ 40. Kh2 Kg8 41. Nd4 Qf1 42. Qe2 Qc1 43. Nxb5 Qf4+ 44. g3 Qc1 45. Qe3 Qc4 46. Nd6 Qd5 47.
b5 f5 48. b6 f4 49. gxf4 gxf4 50. Qxf4 Qb3 51. b7 1-0

[Event "*** Titled Tuesday Blitz"]
[Site "Chess.com"]
[Date "2020.10.27"]
[Round "5"]
[White "Leonid_Starozhilov"]
[Black "Shield12"]
[Result "0-1"]
[WhiteElo "2639"]
[BlackElo "2829"]
[TimeControl "180+1"]
[EndTime "10:56:19 PDT"]
[Termination "Shield12 won by resignation"]

1. e4 c5 2. Nf3 d6 3. Bb5+ Bd7 4.
Bxd7+ Qxd7 5. O-O Nc6 6. c4 g6 7. d4 cxd4 8. Nxd4 Bg7 9. Be3 Nf6 10. f3 Rc8 11. Nc3 O-O 12. b3 a6 13. Qd3 Rfd8 14.
Rac1 e6 15. Rfd1 Qe7 16. Nxc6 bxc6 17. Bf2 Qb7 18. Qe2 Qc7 19. Be3 Nd7 20. Na4 c5 21. Bg5 Re8 22. Bf4 Bd4+ 23. Kh1 Ne5 24. Rd2 Qe7 25. Rcd1 Rcd8 26. Qe1 Nc6 27. Qg3 Kg7 28. Re2 h6 29. Be3 Qf6 30. Qf4 Qxf4 31. Bxf4 f5 32. Rde1 e5 33. Bd2 Rf8 34. Nb6 Ne7 35. Nd5 Nxd5 36. exd5 Rb8 37. Ba5 Rb7 38. g3 f4 39. Kg2 h5 40. Rh1 g5 41. Rf1 Rbf7 42.
Re4 fxg3 43. hxg3 g4 44. f4 exf4 45. gxf4 Kg6 46. Be1 Kf5 47. Re6 Rf6 48. Re2 Rh6 49. Bh4 Bf6 50. Re5+ dxe5 51. fxe5+ Kxe5 52. Bg3+ Ke4 53.
Rf4+ Kd3 54. Rf5 Be7 55. Rxf8 Bxf8 56. Bf4 Rg6 0-1

[Event "*** Titled Tuesday Blitz"]
[Site "Chess.com"]
[Date "2020.10.27"]
[Round "5"]
[White "A-Fier"]
[Black "Paladin61"]
[Result "1-0"]
[WhiteElo "2774"]
[BlackElo "2600"]
[TimeControl "180+1"]
[EndTime "10:56:19 PDT"]
[Termination "A-Fier won by resignation"]

1. Nf3 Nf6 2. c4 g6 3. b3 Bg7 4. Bb2 d6 5. e3 e5 6. d4 e4 7. Nfd2 O-O 8. Nc3 Re8 9. Be2 h5 10. Qc2 Bf5 11. h3 h4 12. O-O-O Bh6 13. Rdg1 Nbd7 14.
g4 hxg3 15. Rxg3 Nf8 16. h4 Qd7 17. h5 g5 18. Rhg1 N8h7 19. d5 c5 20. dxc6 bxc6 21. Na4 Qe6 22. c5 d5 23. Bd4 Rab8 24. Qc3 Nd7 25.
f3 exf3 26. Nxf3 f6 27. Nh4 Be4 28. Bg4 f5 29. Bd1 Ne5 30. Nb2 Kf7 31. Ng6 Nxg6 32. hxg6+ Kxg6 33. Nd3 Bxd3 34. Qxd3 Nf6 35. Rh3 g4 36.
Bxg4 Bg5 37. Bd1 Rh8 38. Rhg3 Ne4 39. Bf3 Nxg3 40. Rxg3 Rh2 41. Qf1 Re8 42. Qg1 Rh5 43. Bxh5+ 1-0

[Event "*** Titled Tuesday Blitz"]
[Site "Chess.com"]
[Date "2020.10.27"]
[Round "5"]
[White "shnitez"]
[Black "FloMaster111"]
[Result "1-0"]
[WhiteElo "2443"]
[BlackElo "2618"]
[TimeControl "180+1"]
[EndTime "10:56:19 PDT"]
[Termination "shnitez won by checkmate"]

1. c4 e5 2. Nc3 Nf6 3. Nf3 Nc6 4. e3 Be7 5. Qc2 d5 6. cxd5 Nxd5 7. Bb5 Nb4 8. Qb1 O-O 9. a3 Nd5 10. Bxc6 bxc6 11.
Nxe5 Nxc3 12. bxc3 Bd6 13. Nf3 Ba6 14. d3 Qf6 15. Bd2 Qg6 16. c4 Qxg2 17. Ke2 Qg6 18. Rg1 Qh5 19. Rg5 Qh6 20. Bc3 f6 21. Ra5 Bc8 22.
Qg1 c5 23. Rb1 Bf5 24. Qg2 Rfd8 25. e4 Be6 26. Rg1 Bf8 27. Bd2 Qh5 28. Be3 Rab8 29.
Rb5 Rxb5 30. cxb5 c4 31. d4 Qxb5 32. d5 c3+ 33. Ke1 Qb1+ 34. Ke2 Qc2+ 35. Ke1 Bd7 36. Nd4 Qb1+ 37. Ke2 Qb2+ 38. Kf3 Ba4 39. Ne6 Re8 40. Nxg7 Bxg7 41. Qxg7# 1-0

[Event "*** Titled Tuesday Blitz"]
[Site "Chess.com"]
[Date "2020.10.27"]
[Round "5"]
[White "Brave_spirit12"]
[Black "GregShahade"]
[Result "1/2-1/2"]
[WhiteElo "2494"]
[BlackElo "2651"]
[TimeControl "180+1"]
[EndTime "10:56:23 PDT"]
[Termination "Game drawn by repetition"]

1. e4 e5 2. Nf3 Nc6 3. Bc4 Nf6 4.
Nc3 Nxe4 5. Nxe4 d5 6. Bd3 dxe4 7. Bxe4 Bd6 8. O-O O-O 9. Re1 Nb4 10. c3 f5 11. Bb1 Nc6 12. d4 e4 13. Ng5 h6 14. Qb3+ Kh8 15. Nf7+ Rxf7 16. Qxf7 Qh4 17.
g3 Qh3 18. Rxe4 fxe4 19. Qe8+ Kh7 20. Bxe4+ Bf5 21. Bxf5+ Qxf5 22. Qxa8 Qe4 23. Be3 Ne7 24. Qe8 Qc2 25. Re1 Nf5 26. Qe6 h5 27. Bf4 Bxf4 28.
gxf4 Qd3 29. Qe4 Qh3 30. Re3 Qg4+ 31. Rg3 Qd1+ 32. Kg2 g6 33. Qd3 Qe1 34. Rf3 Nh4+ 35. Kh3 Nxf3 36. Qxf3 Qe6+ 37. Kg2 Qxa2 38. Qxb7 Qf7 39.
Qxa7 Qxf4 40. Qb7 Qg4+ 41. Kf1 Qd1+ 42. Kg2 Qg4+ 43. Kh1 Qd1+ 44. Kg2 Qg4+ 1/2-1/2

[Event "*** Titled Tuesday Blitz"]
[Site "Chess.com"]
[Date "2020.10.27"]
[Round "5"]
[White "fireheart92"]
[Black "PaulfromSPb"]
[Result "0-1"]
[WhiteElo "2860"]
[BlackElo "2693"]
[TimeControl "180+1"]
[EndTime "10:56:25 PDT"]
[Termination "PaulfromSPb won on time"]

1. d4 Nf6 2. c4 e6 3. Nf3 b6 4.
g3 Ba6 5. Qc2 Bb7 6. Bg2 c5 7.
d5 exd5 8. cxd5 Nxd5 9. O-O Nc7 10. Nc3 Be7 11. Bf4 Nc6 12. Bxc7 Qxc7 13. Nd5 Qd8 14.
Rfd1 O-O 15. Rd2 d6 16. Rad1 Re8 17. a3 Bf8 18. e3 b5 19. h4 h6 20. Qf5 Qc8 21. Qf4 Ne5 22. Nxe5 dxe5 23. Qf3 Rb8 24. Qh5 c4 25. Be4 a5 26. Bf5 Qc5 27. Be4 Bc8 28. Bf5 Bxf5 29. Qxf5 Re6 30. Nc3 b4 31. axb4 axb4 32. Ne4 Qc7 33. Rd7 Qc6 34. Qxf7+ Kh8 35. Rd8 Re8 36. Rxb8 Rxb8 37. Qf5 c3 38. bxc3 bxc3 39.
Rc1 c2 40. Kh2 Ba3 41. Qxe5 Rc8 42. Rxc2 Qxc2 0-1

[Event "*** Titled Tuesday Blitz"]
[Site "Chess.com"]
[Date "2020.10.27"]
[Round "5"]
[White "chessmachine14"]
[Black "TregubovP"]
[Result "1-0"]
[WhiteElo "2353"]
[BlackElo "2524"]
[TimeControl "180+1"]
[EndTime "10:56:25 PDT"]
[Termination "chessmachine14 won by resignation"]

1. e4 e6 2. d4 d5 3. e5 c5 4. c3 Nc6 5. Nf3 Qb6 6. a3 Bd7 7. Be2 Nh6 8. b4 cxd4 9. Bxh6 gxh6 10. cxd4 Rc8 11. Ra2 Ne7 12. Rc2 Rxc2 13. Qxc2 Nf5 14. Qc3 a5 15. b5 Be7 16. O-O a4 17. Rc1 O-O 18. Qb2 Rc8 19. Rxc8+ Bxc8 20. Qc2 Bd7 21. Qxa4 Qc7 22. Qd1 Qa5 23. a4 Qb4 24. g3 Bd8 25.
Bd3 Ne7 26. Bc2 Bb6 27. Qd3 Ng6 28. h4 h5 29. Nbd2 Kg7 30. Nf1 Qc4 31. Ne3 Qxd3 32.
Bxd3 Ne7 33. Ng2 f6 34. Nf4 fxe5 35. dxe5 Ng6 36. Nxh5+ Kf7 37. Nf6 Bc8 38. Ng5+ Kg7 39. Ne8+ Kf8 40. Bxg6 hxg6 41. Nd6 Bd7 42. Nxb7 Ke7 43. a5 Bd4 44. Nf3 Bc3 45. a6 1-0

[Event "*** Titled Tuesday Blitz"]
[Site "Chess.com"]
[Date "2020.10.27"]
[Round "5"]
[White "kai_nov"]
[Black "aleksey1203borisovi4"]
[Result "0-1"]
[WhiteElo "2300"]
[BlackElo "2509"]
[TimeControl "180+1"]
[EndTime "10:56:25 PDT"]
[Termination "aleksey1203borisovi4 won on time"]

1. d4 g6 2. c4 Bg7 3. e4 d6 4.
Nc3 Nc6 5. Nge2 e5 6. Be3 exd4 7. Nxd4 Nge7 8. Be2 O-O 9. O-O f5 10. Qd2 f4 11. Nxc6 fxe3 12. Nxe7+ Qxe7 13. Qxe3 c6 14. f4 Bd7 15. Bd3 b6 16. Kh1 Rae8 17. Rae1 Qh4 18.
Qg3 Qh5 19. h3 Bf6 20. Qf3 Qc5 21. f5 Be5 22. Qg4 Rf7 23. Rf3 Kh8 24. Qh4 Bf6 25. Qh6 g5 26. Ne2 Qb4 27. Ref1 Qxb2 28. Ng3 Rg8 29. Nh5 Qe5 30. Bc2 g4 31. hxg4 Rxg4 32. Rh3 Rh4 33. Nf4 Rxh6 34. Rxh6 Kg7 35. Rh3 Bg5 36. Nh5+ Kf8 37. Bb3 h6 38. c5 bxc5 39. Bxf7 Kxf7 40. Rb3 Qxe4 41. Rb7 Qe7 42. f6 Qd8 0-1

[Event "*** Titled Tuesday Blitz"]
[Site "Chess.com"]
[Date "2020.10.27"]
[Round "5"]
[White "RU_B9"]
[Black "DonBroca"]
[Result "1-0"]
[WhiteElo "1737"]
[BlackElo "2139"]
[TimeControl "180+1"]
[EndTime "10:56:26 PDT"]
[Termination "RU_B9 won by resignation"]

1. c4 Nf6 2. Nc3 g6 3. e4 Bg7 4. d4 d6 5. Be2 O-O 6. Nf3 e5 7. d5 Nbd7 8. O-O a5 9. h3 Nc5 10. Nd2 Bd7 11. b3 Ne8 12. Rb1 f5 13. a3 f4 14. Bg4 Nf6 15. Bxd7 Ncxd7 16. b4 g5 17. f3 h5 18. Rf2 g4 19. hxg4 hxg4 20. fxg4 Nh7 21. Nf3 Ng5 22. Bd2 axb4 23. axb4 Bh6 24. c5 Nxf3+ 25. gxf3 dxc5 26. Rh2 Bg5 27. Rh5 Rf7 28.
Be1 Rh7 29. Rxh7 Kxh7 30. Qc2 Bh4 31. Qh2 Kg6 32. Bxh4 Qh8 33. bxc5 Nxc5 34. Bf2 Qxh2+ 35. Kxh2 Nd3 36. Kg1 b6 37. Rd1 Nb2 38. Rb1 Nc4 39. Nb5 Nd2 40. Rc1 Nxf3+ 41. Kg2 Ng5 42. Rc6+ Kg7 43. Rxc7+ Kf8 44. d6 Ra2 45. d7 Ke7 46.
Rb7 Nxe4 47. Kg1 Nxf2 48. Nd6 Nh3+ 49. Kf1 Re2 50. Nf5+ Kd8 51. Ng7 f3 52. Ne6+ Ke7 53. d8=Q+ Kxe6 54. Re7+ 1-0

[Event "*** Titled Tuesday Blitz"]
[Site "Chess.com"]
[Date "2020.10.27"]
[Round "5"]
[White "Quiet_Desperation"]
[Black "ChelsieMonica"]
[Result "1-0"]
[WhiteElo "2023"]
[BlackElo "2328"]
[TimeControl "180+1"]
[EndTime "10:56:27 PDT"]
[Termination "Quiet_Desperation won by resignation"]

1. e4 Nc6 2. Nf3 d5 3. exd5 Qxd5 4. Nc3 Qd8 5. Bb5 Nf6 6. Ne5 Bd7 7. Nxd7 Qxd7 8. O-O a6 9. Ba4 e6 10. d3 Bd6 11.
Bg5 h6 12. Bxf6 gxf6 13. Qf3 f5 14. d4 b5 15. Bb3 Ke7 16. d5 Ne5 17. Qe2 Rag8 18. f4 Ng4 19. h3 h5 20. Rae1 Rh6 21.
Kh1 Rgg6 22. Nd1 Kd8 23. c4 Bc5 24. cxb5 axb5 25. Qc2 Qd6 26. Qd3 b4 27. Qb5 e5 28.
Qb8+ Ke7 29. Ba4 Kf6 30. Qe8 e4 31. Qc6 Kg7 32. Qxd6 Rxd6 33. Bb3 Bd4 34. g3 Nf6 35. Kg2 Nxd5 36. Bxd5 Rxd5 37. Ne3 Bxe3 38. Rxe3 Rc6 39. Rf2 Rd3 40. Rxd3 exd3 41. Kf3 Rc2 42. Ke3 Rxf2 43. Kxf2 c5 44. b3 h4 45. gxh4 Kh6 46. Ke3 Kh5 47. Kxd3 Kxh4 48. Kc4 Kxh3 49. Kxc5 Kg4 50. Kxb4 Kxf4 51.
a4 Ke3 52. a5 f4 53. a6 f3 54. a7 f2 55. a8=Q f1=Q 56. Qa7+ Kd2 57. Qd4+ Kc2 58. Qc4+ Qxc4+ 59. bxc4 f5 60. c5 f4 61. c6 f3 62. c7 f2 63. c8=Q+ Kd2 64. Qh3 Ke2 65.
Qg2 Ke1 66. Qg3 Ke2 67. Qe5+ Kf3 68. Qf5+ Kg2 69. Qe4+ Kg1 70. Qe3 Kh1 71. Qf3+ Kg1 72. Qg3+ Kh1 73. Qh4+ Kg1 74. Qd4 Kh1 75. Qd1+ Kg2 76.
Qe2 Kh1 77. Qf1+ Kh2 78. Qxf2+ 1-0

[Event "*** Titled Tuesday Blitz"]
[Site "Chess.com"]
[Date "2020.10.27"]
[Round "5"]
[White "AndreyNeves"]
[Black "Fh2411"]
[Result "0-1"]
[WhiteElo "2269"]
[BlackElo "2519"]
[TimeControl "180+1"]
[EndTime "10:56:28 PDT"]
[Termination "Fh2411 won on time"]

1. d4 d5 2. c4 c6 3. Nf3 Nf6 4. e3 Bg4 5. Be2 e6 6. b3 Nbd7 7. O-O Bd6 8. Bb2 Qb8 9. h3 Bh5 10. Nbd2 O-O 11. Rc1 Re8 12. Re1 Bg6 13. Nh4 e5 14. Nxg6 hxg6 15. dxe5 Bxe5 16. Bxe5 Qxe5 17.
cxd5 Nxd5 18. Nc4 Qe7 19. Bf3 N7b6 20. Nxb6 Nxb6 21. Qc2 Red8 22. Red1 Nd7 23. Be2 Ne5 24.
Rxd8+ Rxd8 25. Rd1 Rd6 26. Rxd6 Qxd6 27. Qc3 b6 28. f4 Nd7 29. Kf2 Nc5 30. Bf3 a5 31. Qd4 Nd3+ 32. Kf1 Qxd4 33. exd4 c5 34. d5 Nxf4 35.
d6 Kf8 36. Bc6 g5 37. Kf2 Nd3+ 38. Ke3 Ne5 39. Bb5 f5 40. g4 g6 41. gxf5 gxf5 42. a3 Nf7 43. h4 Nxd6 44. Be2 gxh4 45. Kf4 Ke7 46. Ke5 h3 47. Bf3 a4 48. bxa4 c4 49. Kd5 c3 50. a5 bxa5 0-1

[Event "*** Titled Tuesday Blitz"]
[Site "Chess.com"]
[Date "2020.10.27"]
[Round "5"]
[White "Benjoneliere44"]
[Black "Smirnov_Pavel"]
[Result "1-0"]
[WhiteElo "2684"]
[BlackElo "2849"]
[TimeControl "180+1"]
[EndTime "10:56:29 PDT"]
[Termination "Benjoneliere44 won by resignation"]

1. d4 Nf6 2. Bf4 e6 3. e3 c5 4. c3 d5 5. Nd2 Bd6 6. Bxd6 Qxd6 7. f4 O-O 8. Ngf3 cxd4 9. cxd4 b6 10. Ne5 Bb7 11. Bd3 Ne4 12. O-O f6 13. Nef3 Nd7 14. Qb3 Kh8 15. Rad1 a5 16. a3 a4 17. Qc2 Rfc8 18. Qb1 f5 19. Nxe4 dxe4 20. Ne5 Nxe5 21. fxe5 Qe7 22. Bb5 Qg5 23. Rde1 Bd5 24. g3 Rc7 25.
Kf2 Qh5 26. Kg1 Qh6 27. Qd1 Ra5 28. Qe2 Ra8 29. Rc1 Rac8 30. Qd2 g5 31. Rxc7 Rxc7 32. Rc1 Qg7 33. Rxc7 Qxc7 34. Bxa4 Kg7 35. Qc3 Qa7 36. Bb5 Qb7 37. b4 Qf7 38. Qc8 f4 39. Qd7 fxe3 40. Qxf7+ Kxf7 41. Kf1 Kg6 42. Ke2 Kf5 43.
Kxe3 Kg4 44. Bf1 h5 45. a4 h4 46. gxh4 Kxh4 47. a5 bxa5 48. bxa5 g4 49. a6 g3 50.
hxg3+ Kxg3 51. a7 Kg4 52. Bc4 1-0

[Event "*** Titled Tuesday Blitz"]
[Site "Chess.com"]
[Date "2020.10.27"]
[Round "5"]
[White "geordie_derraugh"]
[Black "gilbert_gm"]
[Result "1-0"]
[WhiteElo "2419"]
[BlackElo "2574"]
[TimeControl "180+1"]
[EndTime "10:56:29 PDT"]
[Termination "geordie_derraugh won by resignation"]

1. e4 c6 2. c4 d5 3. cxd5 cxd5 4. exd5 Nf6 5. Nf3 Nxd5 6. Nc3 g6 7. Bc4 Nxc3 8.
bxc3 Bg7 9. d4 O-O 10. O-O Nc6 11. Re1 Bg4 12. Bf4 Rc8 13. Bb3 Na5 14. Bg5 Bf6 15. Bxf6 exf6 16. h3 Bxf3 17. Qxf3 Qd6 18. Re3 Nc4 19.
Bxc4 Rxc4 20. Qxb7 Rc7 21. Qb3 Rfc8 22. Rae1 Kg7 23. Rf3 h5 24. Re4 Qc6 25. Ref4 Qd6 26. g4 hxg4 27. hxg4 Rxc3 28. Qa4 R8c4 29. Qxa7 Rxf3 30.
Rxf3 Rxd4 31. Rg3 Rd1+ 32. Kh2 Qc6 33. Rg2 Qc1 34. g5 Rh1+ 35. Kg3 Qxg5+ 36. Kf3 Qd5+ 37.
Kg3 Qe5+ 38. Kf3 f5 39. Qe3 Rh3+ 40. Rg3 Qd5+ 41. Ke2 Rh4 42. Qc3+ Qd4 43. Qxd4+ Rxd4 44. Ra3 Ra4 45. Rxa4 1-0

[Event "*** Titled Tuesday Blitz"]
[Site "Chess.com"]
[Date "2020.10.27"]
[Round "5"]
[White "mbojan"]
[Black "vanyakuba"]
[Result "0-1"]
[WhiteElo "2699"]
[BlackElo "2511"]
[TimeControl "180+1"]
[EndTime "10:56:30 PDT"]
[Termination "vanyakuba won by resignation"]

1. e4 d5 2. exd5 Qxd5 3. Nc3 Qa5 4. d4 Nf6 5. Nf3 Bg4 6. Be2 Nc6 7. Be3 O-O-O 8. h3 Bxf3 9. Bxf3 e5 10. d5 Nb4 11.
O-O Be7 12. Qd2 Kb8 13. Rad1 c6 14. Bg5 Nbxd5 15. Nxd5 Qxd2 16. Rxd2 Nxd5 17. Rxd5 Bxg5 18. Rxe5 Bf6 19. Re2 Rhe8 20. Rxe8 Rxe8 21. c3 Rd8 22. Rb1 Rd2 23. Kf1 Kc7 24. Ke1 Rd7 25. Ke2 a5 26. a4 Bg5 27. Be4 Rd2+ 28. Kf3 g6 29. g3 f5 30. Bxf5 gxf5 31. h4 Bh6 32.
b4 Rd3+ 33. Ke2 Rxc3 34. bxa5 Ra3 35. Rb4 Ra2+ 36. Kf3 Ra3+ 37. Ke2 Ra1 38. Kf3 Rd1 39. Ke2 Rd5 40. a6 bxa6 41. Rc4 a5 42. Kf3 Kd6 43. Rc2 Bg7 44. Rb2 Bxb2 0-1

[Event "*** Titled Tuesday Blitz"]
[Site "Chess.com"]
[Date "2020.10.27"]
[Round "5"]
[White "svilson23"]
[Black "AleksibFan"]
[Result "0-1"]
[WhiteElo "2380"]
[BlackElo "2570"]
[TimeControl "180+1"]
[EndTime "10:56:30 PDT"]
[Termination "AleksibFan won on time"]

1. e4 d5 2. exd5 Qxd5 3. Nc3 Qd6 4. d4 Nf6 5. Nf3 a6 6. Bd3 Bg4 7. h3 Bh5 8. O-O Nc6 9. Ne4 Nxe4 10. Bxe4 e6 11.
c3 O-O-O 12. Bxc6 Qxc6 13. Ne5 Bxd1 14. Nxc6 bxc6 15. Rxd1 c5 16. Be3 cxd4 17. Rxd4 Rxd4 18. Bxd4 f6 19. f4 Bd6 20. Be3 Re8 21. Kf2 Kb7 22. Rd1 Kc6 23. Rd4 e5 24. Rc4+ Kd7 25. f5 e4 26. Ra4 Re5 27. g4 a5 28. Bf4 Rb5 29.
Bxd6 Rxb2+ 30. Ke3 Kxd6 31. Rxa5 Rh2 32. Kxe4 Rxh3 33.
c4 Rg3 34. Kf4 Rc3 35. Ra8 Rxc4+ 36. Kf3 Rc3+ 37. Kf4 Rc4+ 38. Kf3 Ke7 39. a4 Rc5 40. a5 h5 41. a6 Rc3+ 42. Kf4 Rc4+ 43. Ke3 Rxg4 44.
a7 Ra4 45. Kf3 Kd7 0-1

[Event "*** Titled Tuesday Blitz"]
[Site "Chess.com"]
[Date "2020.10.27"]
[Round "5"]
[White "xberli"]
[Black "MaxLeto"]
[Result "1-0"]
[WhiteElo "2541"]
[BlackElo "2333"]
[TimeControl "180+1"]
[EndTime "10:56:30 PDT"]
[Termination "xberli won by resignation"]

1. e4 c5 2. Nf3 d6 3. d4 cxd4 4. Nxd4 Nf6 5. Nc3 a6 6. Bg5 Nbd7 7. Bc4 h6 8. Bh4 Qc7 9. Qe2 g5 10. Bg3 Ne5 11. Bb3 Bg7 12. O-O-O Bd7 13. Kb1 e6 14. h4 O-O-O 15. hxg5 hxg5 16. Rxh8 Rxh8 17. Nf3 Nxf3 18. Qxf3 e5 19. Qe3 Be6 20. Bxe6+ fxe6 21. Qxg5 Nh5 22. Qg4 Qf7 23. Rxd6 Nxg3 24. Qxg3 Rh1+ 25.
Rd1 Rxd1+ 26. Nxd1 Qf6 27. a3 Bh6 28. f3 Bf4 29. Qg8+ Kc7 30. Nc3 Qh6 31. Qf7+ Kb8 32. Na4 Be3 33. Ka2 Bd4 34. c3 Be3 35. Qe7 Bf2 36. Nc5 Bxc5 37. Qxc5 Qf6 38. a4 Ka8 39. a5 Kb8 40. Qd6+ Ka7 41. Ka3 Ka8 42. Qc7 Ka7 43. b4 Qf8 44. Qc5+ Qxc5 45. bxc5 Kb8 46. Kb4 Kc7 47.
Kc4 Kc6 48. g4 Kd7 49. g5 Ke7 50. c6 bxc6 51. Kc5 Kf7 52. Kxc6 Kg6 53. Kd6 Kxg5 54. Kxe5 1-0

[Event "*** Titled Tuesday Blitz"]
[Site "Chess.com"]
[Date "2020.10.27"]
[Round "5"]
[White "Borsuk_Konstantin"]
[Black "GMaka"]
[Result "0-1"]
[WhiteElo "2558"]
[BlackElo "2397"]
[TimeControl "180+1"]
[EndTime "10:56:32 PDT"]
[Termination "GMaka won on time"]

1. d4 Nf6 2. c4 Nc6 3. Nc3 e5 4.
d5 Ne7 5. h4 h5 6. e3 Ng6 7. Bd3 Bb4 8. Qc2 Ne7 9. a3 Bxc3+ 10.
Qxc3 d6 11. e4 a5 12. b3 c6 13. Bg5 Nh7 14. Be3 c5 15. f4 exf4 16. Bxf4 O-O 17. O-O-O Ng6 18. Bg3 Nf6 19. Nf3 Ng4 20. e5 N6xe5 21. Nxe5 Nxe5 22. Bxe5 dxe5 23. Qxe5 Bg4 24.
Rde1 a4 25. b4 b5 26. bxc5 bxc4 27. Bxc4 Qa5 28. Qd4 Rac8 29. c6 Rfd8 30. Qd2 Qc5 31. Qb4 Qd4 32. Rd1 Bxd1 33. Rxd1 Qe3+ 34. Rd2 Rb8 35.
Qxa4 Qe1+ 36. Kc2 Qb1+ 37. Kc3 Qc1+ 38. Kd3 Qf1+ 39. Kd4 Qf4+ 40. Kc3 Qe3+ 41. Kc2 Qc5 42. Rd3 Ra8 43. Qb4 Qf2+ 44. Kc3 Qf6+ 45. Kc2 Rdb8 46.
Qc3 Qf2+ 47. Rd2 Qf5+ 0-1

[Event "*** Titled Tuesday Blitz"]
[Site "Chess.com"]
[Date "2020.10.27"]
[Round "5"]
[White "TomasKapitanchuk"]
[Black "Kazmin_Dmitrij"]
[Result "1-0"]
[WhiteElo "2434"]
[BlackElo "2263"]
[TimeControl "180+1"]
[EndTime "10:56:33 PDT"]
[Termination "TomasKapitanchuk won on time"]

1. e4 c5 2. Nf3 d6 3. Bb5+ Bd7 4.
Bxd7+ Qxd7 5. c4 Nc6 6. d4 cxd4 7. Nxd4 Nf6 8. Nc3 e6 9. O-O Be7 10. Be3 O-O 11. Rc1 Ne5 12. b3 a6 13. a4 Rfd8 14. h3 Ng6 15. f4 d5 16. cxd5 exd5 17. e5 Ne4 18. Nxe4 dxe4 19. Qc2 Ba3 20. Rcd1 Rac8 21. Qxe4 Qe7 22. Nf5 Qe6 23. h4 Qxb3 24. Rxd8+ Rxd8 25. h5 Nf8 26. h6 g6 27. Nd6 Bxd6 28. exd6 Qe6 29. Qd4 f6 30. Rd1 Nd7 31. Bf2 Nf8 32. Qb4 Rd7 33. Qc5 a5 34. Qb6 g5 35. fxg5 fxg5 36. Qxa5 Rxd6 37. Qxg5+ Ng6 38. Rc1 Rc6 39. Re1 Qf7 40. Qd8+ Nf8 41. Re7 Rc1+ 42. Be1 1-0

[Event "*** Titled Tuesday Blitz"]
[Site "Chess.com"]
[Date "2020.10.27"]
[Round "5"]
[White "MarkoPe"]
[Black "Sesleria"]
[Result "1-0"]
[WhiteElo "2190"]
[BlackElo "1889"]
[TimeControl "180+1"]
[EndTime "10:56:33 PDT"]
[Termination "MarkoPe won by resignation"]

1. c4 Nf6 2. Nc3 e6 3. g3 d5 4. Bg2 c6 5. b3 Be7 6. Bb2 O-O 7. d3 Nbd7 8. Nf3 a5 9. O-O Nb6 10. e4 d4 11. Ne2 c5 12. Nd2 Bd7 13. f4 a4 14. e5 Ng4 15. Bxb7 Ne3 16. Qe1 h5 17. Bxa8 Qxa8 18. Ne4 Bc6 19. Qf2 Nxf1 20. Rxf1 Bxe4 21. dxe4 Qxe4 22. Nc1 Rd8 23. Qf3 Qc2 24. Rf2 Qf5 25. Qb7 Nd7 26. bxa4 h4 27. a5 hxg3 28. hxg3 Qg4 29.
Kg2 Nf8 30. Qxe7 Rb8 31. a6 Ng6 32. Qg5 Qd1 33. a7 Ra8 34. f5 exf5 35. e6 Ne5 36. exf7+ Nxf7 37. Qxf5 Rxa7 38. Qf3 Qa4 39. Qd5 Qe8 40.
Qxc5 Re7 41. Qxd4 Kh8 42. Nd3 Ng5 43. Nf4 Ne4 44. Re2 Qf7 45. Rxe4 Rxe4 46. Qxe4 Qf8 47.
Qd4 Kg8 48. Qxg7+ Qxg7 49. Bxg7 1-0

[Event "*** Titled Tuesday Blitz"]
[Site "Chess.com"]
[Date "2020.10.27"]
[Round "5"]
[White "littleplotkin"]
[Black "KuzubovYuriy"]
[Result "1-0"]
[WhiteElo "2708"]
[BlackElo "2876"]
[TimeControl "180+1"]
[EndTime "10:56:35 PDT"]
[Termination "littleplotkin won on time"]

1. e4 c5 2. d4 cxd4 3. c3 Nf6 4. e5 Nd5 5. Nf3 Nc6 6. Bc4 Nb6 7. Bb3 d5 8. exd6 Qxd6 9. O-O Be6 10. Bxe6 Qxe6 11. Nxd4 Nxd4 12. Qxd4 Rd8 13. Qh4 Qe2 14. Be3 Rd1 15. Nd2 Rxd2 16. Bxd2 Qxd2 17. Rad1 Qh6 18. Qg3 Qc6 19. Rd2 f6 20. Rfd1 Kf7 21. Rd8 g6 22. Qb8 a5 23. b3 h5 24. c4 h4 25. h3 g5 26. R1d4 g4 27. Rxg4 Nd7 28. Qa8 Ne5 29. Rf4 Rg8 30. f3 Qc5+ 31. Kf1 Qe3 32. Re4 Qc1+ 33. Re1 Qg5 34. Re2 Nxf3 35. Qxb7 Qc1+ 36. Kf2 Ne5 37. Qd5+ e6 38. Qb7+ Kg6 39. Qe4+ Kg7 40. Rc8 Qg5 41. Rc7+ Nf7 42. Qxe6 Kh6 43. Qxf7 Bc5+ 44.
Rxc5 Qxg2+ 45. Ke1 Qg1+ 46. Kd2 Qd4+ 47. Kc2 Qxc5 48. Qxg8 1-0

[Event "*** Titled Tuesday Blitz"]
[Site "Chess.com"]
[Date "2020.10.27"]
[Round "5"]
[White "Marina_Chess_Rus"]
[Black "Rakesh"]
[Result "0-1"]
[WhiteElo "2277"]
[BlackElo "2449"]
[TimeControl "180+1"]
[EndTime "10:56:35 PDT"]
[Termination "Rakesh won on time"]

1. d4 Nf6 2. Nf3 e6 3. c4 c5 4.
Nc3 cxd4 5. Nxd4 a6 6. Bg5 Be7 7. e3 O-O 8. Bd3 Nc6 9. O-O d5 10. Rc1 Nxd4 11. exd4 dxc4 12. Bxc4 b5 13. Bd3 Bb7 14.
Bb1 Rc8 15. a3 Qd7 16. Qd3 g6 17. Rfe1 Rfd8 18. Rcd1 Nd5 19. Bxe7 Qxe7 20. Ne4 Nf4 21. Qg3 Bxe4 22. Qxf4 Bxb1 23. Rxb1 Rc4 24. Rbd1 Qd6 25. Qe3 Qd5 26. f3 Rc2 27. Re2 Rdc8 28. Red2 Qa2 29. Rxc2 Rxc2 30. Rd2 Qxb2 31. Rxc2 Qxc2 32. h4 h5 33. Kh2 Qf5 34. Kg1 Qd5 35. Qc3 Kg7 36.
Kh2 Qd6+ 37. Kh3 Qd5 38. Kh2 Kh7 39. Qc7 Qf5 40. Kg3 Kg7 41. Qb7 a5 42. Qc7 a4 43.
Qb6 Qd5 44. Kh2 e5 45. dxe5 Qxe5+ 46. Kg1 Qe1+ 47. Kh2 Qxh4+ 48. Kg1 Qe1+ 49. Kh2 Qe5+ 50. Kg1 Qd5 51. Kh2 Qc4 52. Kg1 Qc1+ 53. Kh2 Qc4 54. Kg1 Qc1+ 55. Kh2 Qxa3 56. Qxb5 Qd6+ 0-1

[Event "*** Titled Tuesday Blitz"]
[Site "Chess.com"]
[Date "2020.10.27"]
[Round "5"]
[White "Matols"]
[Black "guillembaches"]
[Result "1-0"]
[WhiteElo "2250"]
[BlackElo "2392"]
[TimeControl "180+1"]
[EndTime "10:56:35 PDT"]
[Termination "Matols won by resignation"]

1. d4 Nf6 2. c4 e6 3. g3 d5 4. Nf3 dxc4 5. Bg2 c5 6. O-O Nc6 7. dxc5 Qxd1 8. Rxd1 Bxc5 9. Nbd2 c3 10. bxc3 O-O 11.
Rb1 Rd8 12. Bb2 Bd7 13. Nb3 Be7 14. Nfd4 Rac8 15. e3 b6 16. Nb5 a6 17. Nd6 Bxd6 18.
Rxd6 Be8 19. Rbd1 Rxd6 20. Rxd6 a5 21. c4 a4 22. Nd2 Na5 23. Rxb6 Nxc4 24. Nxc4 Rxc4 25.
Rb8 Kf8 26. Ba3+ Kg8 27. Bf1 Rc7 28. Bb5 g5 29. Bxe8 Nxe8 30. Rxe8+ Kg7 31. Ra8 Rc4 32. h3 h5 33. Kg2 g4 34. hxg4 hxg4 35. Bb2+ Kg6 36.
Bd4 Kf5 37. Ra7 f6 38. Rf7 e5 39. Bb6 Kg6 40. Rf8 Kg7 41. Ra8 Rc6 42. Ra7+ Kg6 43. Bd8 Rc4 44. Kf1 Rc1+ 45. Kg2 Rc4 46. a3 Rc3 47.
Be7 Rd3 48. Rxa4 Kf7 49. Bb4 Kg6 50. Ra6 Kg5 51. Be7 Kf5 52. Bxf6 Ke4 53. Be7 Rb3 54.
Bb4 Rb2 55. Rd6 Rxb4 56. axb4 1-0